 Dungeon Crawl Stone Soup version 0.18.1-50-g88ac8fd (webtiles) character file.

3296 tourn the Slasher (level 9, -3/71 HPs)
             Began as a Demonspawn Abyssal Knight on Sept 25, 2016.
             Was an Elder of Lugonu.
             Killed by divine providence
             ... invoked by an orc priest
              (7 damage)
             ... on level 9 of the Dungeon on Sept 30, 2016.
             The game lasted 00:48:50 (5405 turns).

tourn the Slasher (Demonspawn Abyssal Knight)       Turns: 5405, Time: 00:48:51

Health: -3/71      AC: 23    Str: 15      XL:     9   Next: 70%
Magic:  10/12      EV:  9    Int: 15      God:    Lugonu [****..]
Gold:   210        SH:  0    Dex: 12 (13) Spells: 0 memorised, 8 levels left

rFire  . . .     SeeInvis .     a - +2 falchion
rCold  . . .     Gourm    .     d - +0 chain mail
rNeg   . . .     Faith    .     (no shield)
rPois  .         Spirit   .     A - +1 hat
rElec  .         Dismiss  .     k - +0 cloak
rCorr  .         Reflect  .     (no gloves)
SustAt .         Harm     .     j - +0 pair of boots
MR     .....                    e - amulet of magic regeneration
Stlth  ..........               (no ring)
                                r - +2 ring of dexterity

@: not resistant to hostile enchantments, extremely unstealthy
A: claws 1, rough black scales 3, agile 1, powered by death 3
a: Depart the Abyss, Bend Space, Banish, Corrupt, Renounce Religion


You were on level 9 of the Dungeon.
You worshipped Lugonu.
Lugonu was greatly pleased with you.
You were not hungry.

You visited 1 branch of the dungeon, and saw 10 of its levels.
You visited the Abyss 1 time.

You collected 210 gold pieces.

Inventory:

Hand Weapons
 a - a +2 falchion (weapon)
 b - a +1 halberd of protection
 l - a +1 hand axe
 m - a +0 hunting sling
Missiles
 g - 32 bolts
 n - 109 stones (quivered)
Armour
 d - a +0 chain mail (worn)
 j - a +0 pair of boots (worn)
 k - a +0 cloak (worn)
 A - a +1 hat (worn)
Jewellery
 e - an amulet of magic regeneration (around neck)
 r - a +2 ring of dexterity (left claw)
 y - a cursed ring of loudness
Wands
 f - a wand of confusion (3/48)
 u - a wand of confusion (0/48)
Scrolls
 i - 2 scrolls of identify
 t - a scroll of remove curse {unknown}
 v - a scroll of immolation
 w - 3 scrolls of teleportation {unknown}
 x - 2 scrolls of fog {unknown}
 B - a scroll of amnesia {unknown}
 C - a scroll of noise {unknown}
Potions
 o - a potion of haste
 q - a potion of cancellation {unknown}
 z - a potion of flight {unknown}
Books
 p - a book of Transfigurations

   Spells                             Type                      Level
   a - Irradiate                      Conjuration/Transmutation    5
   b - Statue Form                    Transmutation/Earth          6
   c - Hydra Form                     Transmutation                6
   d - Dragon Form                    Transmutation                7
Comestibles
 c - 3 bread rations
 h - 7 fruits
 s - 3 chunks of flesh


   Skills:
 + Level 6.9 Fighting
 + Level 7.3 Long Blades
 + Level 5.3 Armour
 + Level 6.5 Dodging
 + Level 1.1 Stealth
 + Level 4.0 Invocations


You had 8 spell levels left.
You didn't know any spells.

Dungeon Overview and Level Annotations

Branches:
Dungeon (10/15)
 Temple: D:4-7         Lair: D:8-11         Orc: D:9-12

Altars:
Okawaru
Pakellas
Vehumet

Annotations:
D:4 kolakolka's ghost, amateur TrFi


Innate Abilities, Weirdness & Mutations

You are completely covered in rough black scales (AC +10, Dex -3).
You regenerate a lot of health from kills.
You have sharp fingernails.
You are agile. (Dex +2)


Message History

The orc priest calls down the wrath of Beogh upon you.
Beogh smites you! The orc priest closely misses you.
You hit the orc priest but do no damage.
The orc priest calls down the wrath of Beogh upon you.
Beogh smites you!
* * * LOW HITPOINT WARNING * * *
Space bends around you!
You blink.
* * * LOW HITPOINT WARNING * * *
You feel slightly more hungry.
The orc priest calls down the wrath of Beogh upon you.
Beogh smites you!
* * * LOW HITPOINT WARNING * * *
The orc barely misses you. Space bends sharply around you!
The orc blinks!
You blink.
* * * LOW HITPOINT WARNING * * *
You feel slightly more hungry.
The orc priest calls down the wrath of Beogh upon you.
Beogh smites you!
You die...

#.# #.##...#
######.# #.##.###
#......# #.##.#
#.###### .#
#.########
#.§.......
#o#########.#
#.#.........#
#oo..@.......
#.####§...#####...
#.....§......#
##.o...(......
...........###.
.##.###.#..# #
#...... #.#.####
... .


You could see an orc priest and 2 orcs.

Vanquished Creatures
  5 yaks
  A wyvern (D:8)
  2 hippogriffs
  An ice beast (D:8)
  3 sky beasts
  An orc warrior (D:7)
  2 ogres
  2 giant frogs
  3 scorpions
  2 water moccasin skeletons (D:8)
  7 killer bees (D:8)
  4 wights (D:7)
  2 howler monkeys (D:9)
  A quasit (D:9)
  A giant frog zombie (D:9)
  A giant frog skeleton (D:4)
  A hound (D:7)
  A jelly (D:6)
  2 iguanas (D:8)
  3 worker ants (D:8)
  Ijyb (D:3)
  An orc wizard (D:8)
  A killer bee zombie (D:9)
  8 adders
  8 gnolls
  A shadow imp (D:6)
  An ooze (D:1)
  An adder zombie (D:8)
  An adder skeleton (D:8)
  A worm (D:4)
  A dart slug (D:1)
  2 giant geckos
  22 orcs
  2 bats
  3 giant cockroaches
  3 hobgoblins
  7 jackals
  3 kobolds
  3 giant newts
  7 goblins
  8 rats
  A plant (D:3)
131 creatures vanquished.

Notes
Turn   | Place    | Note
--------------------------------------------------------------
     0 | Abyss:1  | tourn the Demonspawn Abyssal Knight began the quest for the Orb.
     0 | Abyss:1  | Reached XP level 1. HP: 18/18 MP: 2/2
     4 | D:1      | Escaped the Abyss
   560 | D:1      | Gained mutation: You are partially covered in rough black scales (AC +4, Dex -1). [demonic ancestry]
   560 | D:1      | Reached XP level 2. HP: 24/24 MP: 3/3
   616 | D:1      | Reached skill level 2 in Long Blades
   689 | D:1      | Reached skill level 1 in Dodging
   689 | D:1      | Gained mutation: You regenerate a little health from kills. [demonic ancestry]
   689 | D:1      | Reached XP level 3. HP: 8/29 MP: 5/5
   742 | D:1      | Reached ** piety under Lugonu
  1582 | D:4      | Noticed a black bear
  1582 | D:4      | Noticed kolakolka's ghost (amateur TrFi)
  1698 | D:3      | Gained mutation: You regenerate health from kills. [demonic ancestry]
  1698 | D:3      | Reached XP level 4. HP: 37/37 MP: 6/6
  2430 | D:3      | Noticed Ijyb
  2491 | D:3      | Killed Ijyb
  2610 | D:4      | Gained mutation: You are mostly covered in rough black scales (AC +7, Dex -2). [demonic ancestry]
  2610 | D:4      | Reached XP level 5. HP: 37/42 MP: 7/7
  2645 | D:4      | Found an oddly glowing altar of Pakellas.
  2771 | D:4      | Noticed an ogre
  2783 | D:4      | Killed an ogre
  2783 | D:4      | Reached skill level 3 in Long Blades
  2783 | D:4      | Reached XP level 6. HP: 36/48 MP: 8/8
  2831 | D:5      | Entered Level 5 of the Dungeon
  2899 | D:6      | Reached *** piety under Lugonu
  2974 | D:7      | Noticed a hippogriff
  2978 | D:7      | Reached XP level 7. HP: 54/54 MP: 9/9
  2994 | D:7      | Killed a hippogriff
  3132 | D:7      | Gained mutation: You have sharp fingernails. [potion of mutation]
  3132 | D:7      | Gained mutation: You are agile. (Dex +2) [potion of mutation]
  3132 | D:7      | Gained mutation: You are completely covered in rough black scales (AC +10, Dex -3). [potion of mutation]
  3379 | D:7      | Reached skill level 4 in Long Blades
  3408 | D:7      | Reached skill level 5 in Dodging
  3507 | D:7      | Noticed a seven-headed hydra
  3604 | D:8      | Reached XP level 8. HP: 44/61 MP: 11/11
  3874 | D:8      | Reached skill level 5 in Fighting
  4060 | D:8      | Found a radiant altar of Vehumet.
  4089 | D:8      | Reached skill level 5 in Long Blades
  4119 | D:10     | Entered Level 10 of the Dungeon
  4515 | D:8      | Found an iron altar of Okawaru.
  4600 | D:8      | Reached skill level 1 in Stealth
  4686 | D:8      | Reached skill level 6 in Long Blades
  4686 | D:8      | Gained mutation: You regenerate a lot of health from kills. [demonic ancestry]
  4686 | D:8      | Reached XP level 9. HP: 68/69 MP: 12/12
  4733 | D:8      | Reached **** piety under Lugonu
  5200 | D:8      | Reached skill level 7 in Long Blades
  5238 | D:9      | Reached skill level 5 in Armour
  5405 | D:9      | Killed from afar by an orc priest

Skill      XL: |  1  2  3  4  5  6  7  8  9 |
---------------+----------------------------+-----
Armour         | 2 3 4 5 |  5.3
Long Blades    | 2 3 4 6 7 |  7.3
Dodging        | 1 2 3 4 5 6 |  6.5
Invocations    | 3 4 |  4.0
Fighting       | 4 6 |  6.9
Stealth        | 1 |  1.1

Action                   |  1- 3 |  4- 6 |  7- 9 || total
-------------------------+-------+-------+-------++-------
Melee: Falchion          |   177 |   221 |   617 ||  1015
Invok: Bend Space        |     1 |    10 |     2 ||    13
  Use: Potion            |     1 |     6 |     1 ||     8
       Scroll            |       |       |     6 ||     6
  Eat: Fruit             |     2 |       |     2 ||     4
       Chunk             |     1 |     4 |     3 ||     8
       Royal jelly       |       |     1 |       ||     1
       Meat ration       |       |       |     1 ||     1
Armor: Leather armour    |    62 |   131 |    23 ||   216
       Skin              |       |    44 |       ||    44
       Chain mail        |       |       |   397 ||   397
Dodge: Dodged            |    95 |   177 |   305 ||   577
